 Dungeon Crawl Stone Soup version 0.30-a0-451-ge042605de7 (webtiles) character file.

Game seed: 4882446726780249292

1608 billz999 the Skirmisher (level 8, -2/64 HPs)
             Began as a Gnoll Hunter on Dec 11, 2022.
             Was a Follower of Kikubaaqudgha.
             Shot with a bolt by an orc warrior (18 damage)
             ... on level 7 of the Dungeon.
             The game lasted 00:07:16 (5398 turns).

billz999 the Skirmisher (Gnoll Hunter)              Turns: 5398, Time: 00:07:17

Health: -2/64      AC:  6    Str: 10    XL:     8   Next: 95%
Magic:  13/13      EV: 14    Int: 10    God:    Kikubaaqudgha [*.....]
Gold:   256        SH:  0    Dex: 17    Spells: 14/14 levels left

rFire   . . .      SeeInvis .    b - +4 spear "Laozyukhlee" {spect, rElec rC+}
rCold   + . .      Faith    +    (no shield)
rNeg    . . .      Spirit   .    c - +0 leather armour
rPois   .          Reflect  .    (no helmet)
rElec   +          Harm     .    e - +1 cloak
rCorr   .          Rampage  .    (no gloves)
Will    .....                    v - +0 pair of boots
Stlth   +++.......               q - amulet of faith
HPRegen 0.30/turn                (no ring)
MPRegen 0.13/turn                (no ring)

@: no status effects
A: fangs 1, strong nose, distributed training
a: Renounce Religion, Unearth Wretches


You were on level 7 of the Dungeon.
You worshipped Kikubaaqudgha.
Kikubaaqudgha was aware of your devotion.
You visited 1 branch of the dungeon, and saw 7 of its levels.

You collected 256 gold pieces.

Inventory:

Hand Weapons
 a - a +0 shortbow
 b - the +4 spear "Laozyukhlee" (weapon) {spect, rElec rC+}
   (You found it on level 4 of the Dungeon)

   When its wielder attacks, the weapon's spirit leaps out and strikes again.
   The spirit shares a part of any damage it takes with its wielder.
   rC:        It protects you from cold.
   rElec:     It insulates you from electricity.
 s - a +0 vampiric dagger
Armour
 c - a +0 leather armour (worn)
 e - a +1 cloak (worn)
 v - a +0 pair of boots (worn)
Jewellery
 q - an amulet of faith (around neck)
Wands
 B - a wand of charming (4)
Scrolls
 f - 3 scrolls of teleportation
 g - a scroll of brand weapon {unknown}
 h - a scroll of acquirement {unknown}
 i - 2 scrolls of noise {unknown}
 j - a scroll of torment {unknown}
 n - 2 scrolls of enchant weapon {unknown}
 o - a scroll of silence {unknown}
 p - a scroll of poison {unknown}
 t - a scroll of magic mapping {unknown}
 w - a scroll of amnesia {unknown}
 x - 2 scrolls of fear {unknown}
 y - a scroll of blinking {unknown}
 A - a scroll of immolation
 D - a scroll of fog {unknown}
 F - 2 scrolls of identify
Potions
 d - 2 potions of lignification
 k - 2 potions of degeneration
 l - a potion of magic
 m - a potion of berserk rage
 r - 2 potions of haste
 u - 2 potions of curing
 C - a potion of mutation
 E - a potion of resistance {unknown}


   Skills:
 + Level 6.0 Fighting
 + Level 3.8 Short Blades
 + Level 3.8 Long Blades
 + Level 3.8 Axes
 + Level 3.8 Maces & Flails
 + Level 3.8 Polearms
 + Level 3.8 Staves
 + Level 9.4 Ranged Weapons
 + Level 3.8 Throwing
 + Level 3.8 Armour
 + Level 6.0 Dodging
 + Level 4.5 Stealth
 + Level 3.8 Shields
 + Level 3.8 Unarmed Combat
 + Level 3.8 Spellcasting
 + Level 3.1 Conjurations
 + Level 3.1 Hexes
 + Level 3.1 Summonings
 + Level 3.1 Necromancy
 + Level 3.1 Translocations
 + Level 3.1 Transmutations
 + Level 3.1 Fire Magic
 + Level 3.1 Ice Magic
 + Level 3.1 Air Magic
 + Level 3.1 Earth Magic
 + Level 3.1 Poison Magic
 + Level 4.2 Invocations
 + Level 3.8 Evocations


You had 14 spell levels left.
You didn't know any spells.
Your spell library contained the following spells:

 Spells                   Type           Power      Damage    Failure   Level
 Necrotise                Necr           32%        1d5       10%         1
 Cigotuvi's Dreadful Rot  Necr/Pois/Air  16%        N/A       14%         2
 Vampiric Draining        Necr           8%         2d6       28%         3
 Animate Dead             Necr           8%         N/A       67%         4


Dungeon Overview and Level Annotations

Branches:
Dungeon (7/15)             Temple (0/1) D:5

Altars:
Dithmenos
Elyvilon
Gozag
Hepliaklqana
Kikubaaqudgha
Makhleb
Nemelex Xobeh
Okawaru
Qazlal
Ru
Trog

Annotations:
D:5 1 runed translucent door, Crazy Yiuf


Innate Abilities, Weirdness & Mutations

You have very sharp teeth.
Your uncanny sense of smell can sniff out nearby items.
Your experience applies equally to all skills.


Message History

Okay, then.
Okay, then.
You don't know any spells.
Unknown command.
Okay, then.
Okay, then.
The orc warrior shoots a bolt.
The bolt hits you!
* * * LOW HITPOINT WARNING * * *
You feel much better.
The orc warrior shoots a bolt.
The bolt barely misses you.
The orc warrior shoots a bolt.
The bolt misses you.
Okay, then.
Reach: b) +4 spear "Laozyukhlee" {spect, rElec rC+}
Press: ? - help, Dir - move target, f - orc warrior
Aim: an orc warrior, wielding a +0 arbalest and wearing a +0 plate armour (moderately wounded, about 30% to evade the +4 spear "Laozyukhlee")
You reach to attack!
You closely miss the orc warrior.
The orc warrior is moderately wounded.
Your +4 spear "Laozyukhlee" {spect, rElec rC+} hits the orc warrior.
Reach: b) +4 spear "Laozyukhlee" {spect, rElec rC+}
Press: ? - help, Dir - move target, f/p - orc warrior
Aim: an orc warrior, wielding a +0 arbalest and wearing a +0 plate armour (heavily wounded, about 30% to evade the +4 spear "Laozyukhlee")
You reach to attack!
You closely miss the orc warrior.
The orc warrior is heavily wounded.
Your +4 spear "Laozyukhlee" {spect, rElec rC+} hits the orc warrior.
The orc warrior shoots a bolt.
The bolt hits you!
Reach: b) +4 spear "Laozyukhlee" {spect, rElec rC+}
Press: ? - help, Dir - move target, f/p - orc warrior
Aim: an orc warrior, wielding a +0 arbalest and wearing a +0 plate armour (severely wounded, about 30% to evade the +4 spear "Laozyukhlee")
You could not reach far enough!
The orc warrior shoots a bolt.
The bolt hits you.
* * * LOW HITPOINT WARNING * * *
Reach: b) +4 spear "Laozyukhlee" {spect, rElec rC+}
Press: ? - help, Dir - move target, f/p - orc warrior
Aim: an orc warrior, wielding a +0 arbalest and wearing a +0 plate armour (severely wounded, about 30% to evade the +4 spear "Laozyukhlee")
You reach to attack!
You hit the orc warrior.
The orc warrior is severely wounded.
Your +4 spear "Laozyukhlee" {spect, rElec rC+} misses the orc warrior.
The orc warrior shoots a bolt.
The bolt hits you!!
You die...
Kikubaaqudgha rasps: "You have failed me!
Welcome... death!"

#......#
#....#.####
#.#........
##.#.#.#####
##).#.#......
##).##.######.
####).###....
#. ##....##
####. ##
###@.####
#.#### #o§(##
#...)# #)###
..#####<# ##.
#........ .≈
#........ .≈.
#........ .≈≈.
#........
.≈≈.o
#........
.≈≈...
######...


You could see an orc warrior and a friendly +4 spear "Laozyukhlee" {spect, rElec
rC+} (summoned, wandering).

Vanquished Creatures
  Pikel (D:6)
  An orc warrior (D:6)
  3 centaurs
  An ice beast (D:6)
  3 scorpions
  A howler monkey (D:5)
  3 hounds
  5 jellies
  2 iguanas (D:6)
  An orc wizard (D:7)
  5 gnolls
  6 adders
  A shadow imp (D:5)
  A white imp (D:3)
  An ufetubus (D:5)
  A worm (D:5)
  11 orcs
  6 ball pythons
  4 bats
  16 endoplasms
  2 giant cockroaches
  4 hobgoblins
  11 jackals
  12 kobolds
  3 quokkas
  A frilled lizard (D:3)
  4 goblins
  2 rats (D:1)
112 creatures vanquished.

Vanquished Creatures (others)
  6 fungi (D:3)
  10 plants (D:1)
  12 toadstools
28 creatures vanquished.

Grand Total: 140 creatures vanquished

Notes
Turn   | Place    | Note
-------+----------+-------------------------------------------
     0 | D:1      | billz999 the Gnoll Hunter began the quest for the Orb.
     0 | D:1      | Reached XP level 1. HP: 20/20 MP: 1/1
    63 | D:1      | Reached XP level 2. HP: 11/26 MP: 2/2
   457 | D:1      | Reached XP level 3. HP: 31/31 MP: 3/3
   985 | D:2      | Reached skill level 1 in Invocations
  1024 | D:2      | Found a sacrificial altar of Ru.
  1167 | D:2      | Reached skill level 1 in Short Blades
  1167 | D:2      | Reached skill level 1 in Long Blades
  1167 | D:2      | Reached skill level 1 in Axes
  1167 | D:2      | Reached skill level 1 in Maces & Flails
  1167 | D:2      | Reached skill level 1 in Polearms
  1167 | D:2      | Reached skill level 1 in Staves
  1167 | D:2      | Reached skill level 1 in Throwing
  1167 | D:2      | Reached skill level 1 in Armour
  1167 | D:2      | Reached skill level 1 in Shields
  1167 | D:2      | Reached skill level 1 in Unarmed Combat
  1167 | D:2      | Reached skill level 1 in Spellcasting
  1167 | D:2      | Reached skill level 1 in Evocations
  1497 | D:2      | Reached XP level 4. HP: 38/38 MP: 5/5
  1952 | D:3      | Noticed a scorpion
  1958 | D:3      | Killed a scorpion
  1959 | D:3      | Reached skill level 1 in Conjurations
  1959 | D:3      | Reached skill level 1 in Hexes
  1959 | D:3      | Reached skill level 1 in Summonings
  1959 | D:3      | Reached skill level 1 in Necromancy
  1959 | D:3      | Reached skill level 1 in Translocations
  1959 | D:3      | Reached skill level 1 in Transmutations
  1959 | D:3      | Reached skill level 1 in Fire Magic
  1959 | D:3      | Reached skill level 1 in Ice Magic
  1959 | D:3      | Reached skill level 1 in Air Magic
  1959 | D:3      | Reached skill level 1 in Earth Magic
  1959 | D:3      | Reached skill level 1 in Poison Magic
  1959 | D:3      | Reached XP level 5. HP: 32/43 MP: 5/7
  2073 | D:3      | Found a faded altar of an unknown god.
  2256 | D:3      | Reached XP level 6. HP: 44/50 MP: 8/8
  2473 | D:3      | Found a shadowy altar of Dithmenos.
  2515 | D:3      | Found a faded altar of an unknown god.
  2519 | D:3      | Found a bloodstained altar of Trog.
  2710 | D:4      | Reached skill level 5 in Fighting
  2710 | D:4      | Reached skill level 5 in Dodging
  3079 | D:4      | Identified the +4 spear "Laozyukhlee" {spect, rElec rC+}
  3370 | D:5      | Entered Level 5 of the Dungeon
  3370 | D:5      | Found a hazy altar of Hepliaklqana.
  3370 | D:5      | Found an ancient bone altar of Kikubaaqudgha.
  3373 | D:5      | Found an iron altar of Okawaru.
  3374 | D:5      | Found a burning altar of Makhleb.
  3380 | D:5      | Became a worshipper of Kikubaaqudgha
  3481 | D:5      | Reached XP level 7. HP: 52/56 MP: 10/10
  3586 | D:5      | Found a runed translucent door.
  3587 | D:5      | Noticed Crazy Yiuf
  3688 | D:5      | Found an opulent altar of Gozag.
  3723 | D:5      | Found a stormy altar of Qazlal.
  3759 | D:5      | Found a staircase to the Ecumenical Temple.
  3865 | D:5      | Found a sparkling altar of Nemelex Xobeh.
  4069 | D:6      | Noticed Pikel
  4082 | D:6      | Killed Pikel
  4083 | D:6      | Reached skill level 9 in Ranged Weapons
  4083 | D:6      | Reached XP level 8. HP: 49/63 MP: 10/12
  4457 | D:6      | Reached * piety under Kikubaaqudgha
  4457 | D:6      | Received a gift from Kikubaaqudgha
  5343 | D:7      | Found a white marble altar of Elyvilon.
  5398 | D:7      | Shot with a bolt by an orc warrior

Illustrated notes

Levels and vault maps discovered:
D:1:      ldierk_water_garden, layout_basic, hangedman_abyss_or_decor_stabs,
          nicolae_grassy_gnolls
D:2:      layout_basic, basic_altar
D:3:      cheibrodos_fertilizer, layout_loops_ring,
          nicolae_dithmenos_through_a_glass_darkly,
          nicolae_overflow_ecumenical_swirl, ebering_ecumenical_altar_rust
D:4:      layout_loops_cross, minmay_misc_feat_plants
D:5:      layout_rooms, chequers_temple_overflow_statue_of_worship,
          nemelex_spade_bored_becter, mainiacjoe_overflow_swirl, temple_green,
          uniq_crazy_yiuf_cottage
D:6:      layout_basic, uniq_pikel
D:7:      layout_rooms, mainiacjoe_overflow_paths,
          minmay_misc_feat_secret_circle, uniq_joseph

Skill      XL: |  1  2  3  4  5  6  7  8 |
---------------+-------------------------+-----
Invocations    | 1 2 3 4 |  4.2
Short Blades   | 1 2 3 |  3.8
Long Blades    | 1 2 3 |  3.8
Axes           | 1 2 3 |  3.8
Maces & Flails | 1 2 3 |  3.8
Polearms       | 1 2 3 |  3.8
Staves         | 1 2 3 |  3.8
Throwing       | 1 2 3 |  3.8
Armour         | 1 2 3 |  3.8
Shields        | 1 2 3 |  3.8
Unarmed Combat | 1 2 3 |  3.8
Spellcasting   | 1 2 3 |  3.8
Evocations     | 1 2 3 |  3.8
Conjurations   | 1 2 3 |  3.1
Hexes          | 1 2 3 |  3.1
Summonings     | 1 2 3 |  3.1
Necromancy     | 1 2 3 |  3.1
Translocations | 1 2 3 |  3.1
Transmutations | 1 2 3 |  3.1
Fire Magic     | 1 2 3 |  3.1
Ice Magic      | 1 2 3 |  3.1
Air Magic      | 1 2 3 |  3.1
Earth Magic    | 1 2 3 |  3.1
Poison Magic   | 1 2 3 |  3.1
Stealth        | 3 4 |  4.5
Fighting       | 5 6 |  6.0
Dodging        | 5 6 |  6.0
Ranged Weapons | 9 |  9.4

Action                   |  1- 3 |  4- 6 |  7- 9 || total
-------------------------+-------+-------+-------++-------
Melee: Spear             |       |    18 |    69 ||    87
       Bite              |       |     2 |     2 ||     4
       Punch             |       |       |     1 ||     1
 Fire: Shortbow          |    80 |   135 |    16 ||   231
Evoke: Wand              |       |       |     2 ||     2
  Use: Potion            |     1 |       |     2 ||     3
       Scroll            |       |       |     7 ||     7
 Stab: Sleeping          |       |     6 |       ||     6
Armor: Leather armour    |     9 |    12 |     7 ||    28
       Skin              |     4 |       |       ||     4
Dodge: Dodged            |    26 |    75 |    31 ||   132

Table legend: (Time is in decaauts)
 A = Elapsed time spent in this place.
 B = Non-inter-level travel time spent in this place.
 C = Inter-level travel time spent in this place.
 D = Time resting spent in this place.
 E = Time spent auto-exploring this place.
 F = Levels seen in this place.
 G = Mean time per level.
                   A        B        C        D        E       F      G
               +--------+--------+--------+--------+--------+-----+--------+
         Total |   5431 |   5197 |    234 |    346 |   4182 |   7 |  775.9 |
       Dungeon |   5431 |   5197 |    234 |    346 |   4182 |   7 |  775.9 |
               +--------+--------+--------+--------+--------+-----+--------+

Top non-repeatable levels by time:
     D:6: 1214 daAuts
     D:3: 1046 daAuts
     D:2: 842 daAuts
     D:1: 840 daAuts
     D:5: 680 daAuts
     D:4: 667 daAuts
     D:7: 139 daAuts
